 Dungeon Crawl Stone Soup version 0.26.1-11-gd32895ea62 (webtiles) character file.

Game seed: 12897587578223432451

646 Tirrikindir the Slasher (level 7, -2/48 HPs)
             Began as an Octopode Fighter on May 17, 2021.
             Slain by a sky beast (6 damage)
             ... on level 5 of the Dungeon.
             The game lasted 00:09:59 (4642 turns).

Tirrikindir the Slasher (Octopode Fighter)          Turns: 4642, Time: 00:10:00

Health: -2/48      AC:  1    Str: 17    XL:     7   Next: 52%
Magic:  7/7        EV: 12    Int: 10    God:
Gold:   73         SH: 12    Dex: 12    Spells: 6/6 levels left

rFire    + . .     SeeInvis .   a - +0 long sword
rCold    . . .     Faith    .   b - +3 kite shield
rNeg     . . .     Spirit   .   (helmet restricted)
rPois    .         Reflect  .   k - amulet of magic regeneration
rElec    .         Harm     .   m - ring of protection from fire
rCorr    .         Rampage  .   (no ring)
Will     .....                  (no ring)
Stlth    +++.......             (no ring)
HPRegen  0.16/turn              (no ring)
MPRegen  0.35/turn              (no ring)
                                (no ring)
                                (no ring)

@: no status effects
A: almost no armour, stealthy swim, amphibious, 8 rings, constrict 8, camouflage
1, gelatinous body 1
a: no special abilities


You were on level 5 of the Dungeon.
You visited 1 branch of the dungeon, and saw 5 of its levels.

You collected 144 gold pieces.
You spent 71 gold pieces at shops.

Inventory:

Hand Weapons
 a - a +0 long sword (weapon)
 f - a +0 short sword
Missiles
 q - 5 boomerangs (quivered)
Armour
 b - a +3 kite shield (worn)
Jewellery
 k - an amulet of magic regeneration (around mantle)
 m - a ring of protection from fire (left tentacle)
Wands
 u - a wand of iceblast (8)
Scrolls
 h - 2 scrolls of teleportation
 j - 3 scrolls of fear
 o - 2 scrolls of remove curse
Potions
 c - a potion of might
 d - a potion of heal wounds
 e - a potion of magic
 g - 2 potions of haste
 i - 2 potions of curing
 l - a potion of lignification
 n - a potion of invisibility {unknown}
 p - a potion of resistance {unknown}
 r - a potion of mutation {unknown}
 s - a potion of attraction {unknown}
 t - a potion of cancellation {unknown}


   Skills:
 - Level 4.0 Fighting
 * Level 5.7 Long Blades
 - Level 4.0 Dodging
 - Level 4.0 Stealth
 - Level 4.0 Shields
 + Level 1.3 Evocations


You had 6 spell levels left.
You didn't know any spells.
Your spell library contained the following spells:

 Spells                   Type           Power        Failure   Level
 Beastly Appendage        Tmut           0%           83%         1
 Wereblood                Tmut           0%           93%         2
 Spider Form              Tmut/Pois      0%           99%         3
 Ice Form                 Ice/Tmut       0%           100%        4
 Blade Hands              Tmut           0%           100%        5


Dungeon Overview and Level Annotations

Branches:
Dungeon (5/15)
 Temple: D:4-7

Altars:
Nemelex Xobeh
Uskayaw
Yredelemnul

Shops:
D:4 *[*?[


Innate Abilities, Weirdness & Mutations

You cannot wear most types of armour.
You are very stealthy in the water. (Stealth+)
You are amphibious.
You can wear up to eight rings at the same time.
You can use your tentacles to constrict eight enemies at once.
Your skin changes colour to match your surroundings (Stealth+).
Your rubbery body absorbs attacks. (AC +1, EV +1)


Message History

The white imp is heavily wounded.
The sky beast completely misses you.
You hit the white imp.
You kill the white imp!
You block the sky beast's attack.
You slash the orc!
You kill the orc!
The sky beast flickers out of sight!
Deactivating autopickup; reactivate with Ctrl-A.
Something hits you. Something shocks you.
You barely miss something. Something hits you. Something shocks you.
You closely miss something. Something hits you.
* * * LOW HITPOINT WARNING * * *
Something shocks you.
* * * LOW HITPOINT WARNING * * *
A leopard gecko comes into view.
Something hits you.
* * * LOW HITPOINT WARNING * * *
Something shocks you.
You die...

# #..####.# #. .........
####^######.(...=l.
##..................
#..####.####........
#..##.....##........
#..#.......#........
#..#.......#).......
#......_...@{###.#.#
######..#.......#.......
#.<.....#.......#.###.#.
#.#.....##.....##..
#.###...####.####... #.
#.......... ?.### ..
#....####...### ##
#.#### .# ..#


You could see a leopard gecko (wandering).

Vanquished Creatures
  A bullfrog (D:4)
  A howler monkey (D:5)
  Crazy Yiuf (D:3)
  A bullfrog skeleton (D:5)
  An orc priest (D:4)
  2 orc wizards
  Natasha (thrice) (D:2)
  2 iguanas (D:4)
  A worker ant (D:4)
  5 adders
  7 gnolls (D:3)
  A howler monkey skeleton (D:4)
  A white imp (D:5)
  3 oozes
  A dart slug (D:1)
  3 leopard geckos
  12 orcs
  4 bats
  8 giant cockroaches
  10 hobgoblins
  6 jackals
  A quokka (D:2)
  4 ball pythons
  3 frilled lizards
  15 goblins
  7 kobolds
  8 rats
112 creatures vanquished.

Vanquished Creatures (others)
  9 plants
9 creatures vanquished.

Grand Total: 121 creatures vanquished

Notes
Turn   | Place    | Note
-------+----------+-------------------------------------------
     0 | D:1      | Tirrikindir the Octopode Fighter began the quest for the
                  | Orb.
     0 | D:1      | Reached XP level 1. HP: 16/16 MP: 1/1
   113 | D:1      | Reached XP level 2. HP: 16/21 MP: 2/2
   397 | D:1      | Reached skill level 1 in Stealth
   622 | D:1      | Reached XP level 3. HP: 24/26 MP: 3/3
   979 | D:2      | Noticed Natasha
   988 | D:2      | Killed Natasha
   989 | D:2      | Reached skill level 3 in Long Blades
   989 | D:2      | Reached XP level 4. HP: 20/31 MP: 4/4
   993 | D:2      | Noticed Natasha
  1000 | D:2      | Killed Natasha
  1239 | D:2      | Noticed Natasha
  1246 | D:2      | Killed Natasha
  1247 | D:2      | Reached XP level 5. HP: 29/36 MP: 5/5
  1644 | D:2      | Found a faded altar of an unknown god.
  1705 | D:3      | Found a runed translucent door.
  1706 | D:3      | Noticed Crazy Yiuf
  1714 | D:3      | Killed Crazy Yiuf
  2146 | D:3      | Reached XP level 6. HP: 39/43 MP: 6/6
  2255 | D:3      | Found a hide-covered altar of Uskayaw.
  2277 | D:3      | Reached skill level 4 in Long Blades
  3405 | D:4      | Found Feefyff's Assorted Antiques.
  3407 | D:4      | Found Xyulap's Antique Armour Boutique.
  3407 | D:4      | Found Ufiunewk's Antique Armour Boutique.
  3409 | D:4      | Found Viebec's Magic Scroll Boutique.
  3428 | D:4      | Found a sparkling altar of Nemelex Xobeh.
  3441 | D:4      | Bought a scroll labelled GAESTR LEAMO for 28 gold pieces
  3441 | D:4      | Bought a sedimented pink potion for 25 gold pieces
  3673 | D:4      | Reached skill level 5 in Long Blades
  3673 | D:4      | Reached XP level 7. HP: 38/48 MP: 7/7
  3850 | D:4      | Found Taisov's Assorted Antiques.
  3864 | D:4      | Bought a yellow potion for 18 gold pieces
  4580 | D:5      | Entered Level 5 of the Dungeon
  4585 | D:5      | Reached skill level 1 in Evocations
  4591 | D:5      | Found a basalt altar of Yredelemnul.
  4642 | D:5      | Slain by a sky beast

Illustrated notes

Levels and vault maps discovered:
D:1:      kennysheep_arrival_forest, layout_rooms,
          chequers_serial_rivers_micro_b
D:2:      layout_rooms, chequers_ecumenical_altar_lobes,
          chequers_serial_rivers_small_b, patterned_corridor, uniq_natasha
D:3:      layout_loops_cross, eat_drink_and_be_merry_uskayaw,
          minmay_goblin_outpost, uniq_crazy_yiuf_cottage
D:4:      layout_gridville, nemelex_xobeh_ov_fountains_minmay, serial_shops,
          nicolae_shop_overgrown_old_shop, minmay_shop_grid_forest
D:5:      layout_loops_ring, vehumet_altar_wand_db, old_standard_altar,
          minmay_temple_entry_offerings, uniq_grinder

Skill      XL: |  1  2  3  4  5  6  7 |
---------------+----------------------+-----
Stealth        | 1 2 4 |  4.0
Long Blades    | 3 5 |  5.7
Shields        | 4 |  4.0
Fighting       | 4 |  4.0
Dodging        | 4 |  4.0
Evocations     | 1 |  1.3

Action                   |  1- 3 |  4- 6 |  7- 9 || total
-------------------------+-------+-------+-------++-------
Melee: Long sword        |    48 |   134 |    39 ||   221
       Constrict         |    13 |    42 |    15 ||    70
       Tentacles         |     9 |    18 |     7 ||    34
  Use: Scroll            |     6 |     8 |       ||    14
       Potion            |       |     1 |       ||     1
 Stab: Sleeping          |     5 |    15 |     3 ||    23
       Distracted        |       |     3 |       ||     3
Armor: Skin              |     2 |     2 |     1 ||     5
Dodge: Dodged            |    23 |    56 |     6 ||    85
Block: Kite shield       |    22 |    90 |    14 ||   126
       Rpst.: Long sword |     5 |    22 |     2 ||    29
